[Event "ICCopen2017"]
[Site "Internet Chess Club"]
[Date "2017.03.25"]
[Round "7"]
[White "thxgg"]
[Black "ROWLAND"]
[Result "1-0"]
[ICCResult "Black resigns"]
[WhiteElo "1816"]
[BlackElo "1479"]
[Opening "King's Indian: Four pawns attack, dynamic line"]
[ECO "E76"]
[NIC "KI.55"]
[Time "15:16:57"]
[TimeControl "180+0"]

1. d4 Nf6 2. c4 g6 3. Nc3 Bg7 4. e4 d6 5. f4 O-O 6. Nf3 c5 7. d5 b5 8. cxb5
a6 9. Bd2 axb5 10. Bxb5 Bg4 11. O-O Qb6 12. a4 Nbd7 13. h3 Bxf3 14. Qxf3
Rfb8 15. Bc6 Ra7 16. Nb5 Ra6 17. a5 Qd8 18. Bc3 Nf8 19. Na3 Rxc6 20. dxc6
Qc7 21. e5 N6d7 22. e6 Nf6 23. exf7+ Kxf7 24. a6 d5 25. f5 Qxc6 26. fxg6+
hxg6 27. Nc2 e6 28. a7 Ra8 29. g4 Ke7 30. g5 Nh5 31. Qf7+ Kd6 32. Bxg7 Nxg7
33. Qxg7 Nd7 34. Qxg6 Ne5 35. Qg7 c4 36. Rfe1 Nd3 37. Nd4 Qb6 38. Rxe6+ Kc5
39. Rxb6 Kxb6 40. Qf6+ Kc5 41. Qc6+ Kxd4 42. Qxa8 Ke3 43. Qxd5 {Black
resigns} 1-0

[Event "ICCopen2017"]
[Site "Internet Chess Club"]
[Date "2017.03.25"]
[Round "7"]
[White "FlyCatcher"]
[Black "HuevosDeLeon"]
[Result "1-0"]
[ICCResult "Black checkmated"]
[WhiteElo "2405"]
[BlackElo "2588"]
[Opening "Scandinavian (center counter) defense"]
[ECO "B01"]
[NIC "SD.01"]
[Time "15:16:30"]
[TimeControl "180+0"]

1. e4 d5 2. exd5 Qxd5 3. Nc3 Qa5 4. Nf3 Nf6 5. h3 Bf5 6. Bc4 e6 7. O-O Nc6
8. Nh4 Bg6 9. Nxg6 hxg6 10. d3 Bd6 11. Bd2 Qe5 12. f4 Qc5+ 13. Kh1 Nh5 14.
Ne4 Qb6 15. Nxd6+ cxd6 16. Kh2 d5 17. Bb3 Qc7 18. Kg1 Qb6+ 19. Kh2 Qc7 20.
Kg1 a5 21. c3 b5 22. Qf3 a4 23. Bc2 O-O 24. a3 Nf6 25. Rae1 Rfc8 26. Bb1 d4
27. g4 Nd5 28. f5 gxf5 29. gxf5 dxc3 30. bxc3 Qd7 31. d4 Na5 32. fxe6 fxe6
33. Qg4 Nc4 34. Qg6 Nf6 35. Rxf6 Nxd2 36. Qh7# {Black checkmated} 1-0

[Event "ICCopen2017"]
[Site "Internet Chess Club"]
[Date "2017.03.25"]
[Round "7"]
[White "bss2005"]
[Black "chalimo77"]
[Result "1-0"]
[ICCResult "Black forfeits on time"]
[WhiteElo "1788"]
[BlackElo "1568"]
[Opening "Sicilian: accelerated fianchetto, modern variation"]
[ECO "B34"]
[NIC "SI.33"]
[Time "15:15:46"]
[TimeControl "180+0"]

1. e4 c5 2. Nf3 Nc6 3. d4 cxd4 4. Nxd4 g6 5. Nc3 Bg7 6. Be3 d6 7. Bc4 Nf6 8.
h3 O-O 9. Bb3 a6 10. a4 Nxd4 11. Bxd4 Bd7 12. O-O Rc8 13. a5 Nh5 14. Bb6 Qe8
15. Nd5 Bb5 16. Re1 Bxb2 17. Rb1 Bc3 18. Nxc3 Rxc3 19. Qd4 Rc8 20. c4 Bd7
21. e5 dxe5 22. Qxe5 Be6 23. Bd4 Nf6 24. g4 h6 25. Be3 Kh7 26. Qf4 Ng8 27.
Bd4 Rd8 28. Bc2 Rxd4 29. Qxd4 Qc6 30. Be4 Qd6 31. Qxd6 exd6 32. Bxb7 Bxc4
33. Rb6 Nf6 34. Rxd6 Kg7 35. Bxa6 Bxa6 36. Rxa6 Nd5 37. Ra7 Nb4 38. a6 Rb8
39. Rb7 Rxb7 40. axb7 Nc6 41. Rc1 Nb8 42. Rc8 Na6 43. Ra8
{Black forfeits on time}
1-0

[Event "ICCopen2017"]
[Site "Internet Chess Club"]
[Date "2017.03.25"]
[Round "7"]
[White "ZavenGrozny"]
[Black "Natik"]
[Result "1-0"]
[ICCResult "Black checkmated"]
[WhiteElo "3107"]
[BlackElo "2450"]
[Opening "French: King's Indian attack"]
[ECO "C00"]
[NIC "FR.02"]
[Time "15:17:26"]
[TimeControl "180+0"]

1. e4 e6 2. d3 d5 3. Nd2 Nf6 4. Ngf3 c5 5. g3 Nc6 6. Bg2 g6 7. O-O Bg7 8.
Re1 O-O 9. Qe2 Re8 10. Nf1 e5 11. c3 d4 12. cxd4 cxd4 13. h3 h6 14. N3h2 Be6
15. f4 Qd7 16. h4 Ng4 17. Bd2 Rac8 18. Nxg4 Bxg4 19. Bf3 Bxf3 20. Qxf3 Qh3
21. f5 h5 22. Re2 gxf5 23. exf5 e4 24. Qxh5 Ne5 25. Rxe4 Nxd3 26. Rg4 Ne5
27. Rxg7+ Kxg7 28. Bh6+ Kh7 29. Bg5+ Kg7 30. Bf6+ Kxf6 31. Qg5#
{Black checkmated}
1-0

[Event "ICCopen2017"]
[Site "Internet Chess Club"]
[Date "2017.03.25"]
[Round "7"]
[White "Giantvin"]
[Black "zealous"]
[Result "1-0"]
[ICCResult "Black checkmated"]
[WhiteElo "1938"]
[BlackElo "1679"]
[Opening "QGD semi-Slav: Chigorin defense"]
[ECO "D45"]
[NIC "SL.08"]
[Time "15:15:54"]
[TimeControl "180+0"]

1. d4 d5 2. c4 e6 3. Nc3 c6 4. e3 Nf6 5. Nf3 Bd6 6. Bd3 Nbd7 7. O-O O-O 8.
e4 dxe4 9. Nxe4 Nxe4 10. Bxe4 f5 11. Bc2 Nf6 12. b3 Qc7 13. Bb2 Bd7 14. Ne5
Rae8 15. f4 Bc8 16. Qf3 c5 17. d5 b6 18. dxe6 Bxe6 19. Rad1 Bc8 20. Rfe1 Bb7
21. Qd3 Bxe5 22. Bxe5 Qc6 23. Re2 Ne4 24. Qd5+ Kh8 25. Bxe4 fxe4 26. Qxc6
Bxc6 27. Rd6 Rc8 28. Kf2 Rfd8 29. Ke3 Rxd6 30. Bxd6 Kg8 31. Rd2 Kf7 32. Be5
g6 33. Rd6 Ke7 34. g4 Bd7 35. h3 Rc6 36. Rxc6 Bxc6 37. f5 gxf5 38. gxf5 Kf7
39. Kf4 Bb7 40. Ke3 Bc6 41. Kf4 Bb7 42. Bb8 Bc6 43. Bxa7 b5 44. Bxc5 bxc4
45. bxc4 Ba4 46. Bd4 Bc2 47. c5 Ke7 48. c6 Kd8 49. Be5 Kc8 50. f6 Bb1 51. f7
Bxa2 52. f8=Q# {Black checkmated} 1-0

[Event "ICCopen2017"]
[Site "Internet Chess Club"]
[Date "2017.03.25"]
[Round "7"]
[White "bumbleball"]
[Black "BronStorm"]
[Result "0-1"]
[ICCResult "White forfeits on time"]
[WhiteElo "1646"]
[BlackElo "1857"]
[Opening "Sicilian: closed"]
[ECO "B23"]
[NIC "SI.44"]
[Time "15:16:15"]
[TimeControl "180+0"]

1. e4 c5 2. Nc3 a6 3. f4 b5 4. g3 Bb7 5. Bg2 e6 6. d4 cxd4 7. Qxd4 Nc6 8.
Qd1 Qb6 9. Nf3 O-O-O 10. Qe2 Bc5 11. a3 Nd4 12. Nxd4 Bxd4 13. Bd2 Ne7 14.
O-O-O Kb8 15. e5 Bxg2 16. Qxg2 Rc8 17. Ne4 Qc6 18. Bb4 Nf5 19. Bd6+ Ka8 20.
Qe2 Be3+ 21. Kb1 Qxe4 22. g4 Nd4 23. Qd3 Qxd3 24. Rxd3 Nxc2 25. Rf1 Bb6 26.
f5 Ne3 27. Rf3 Nd5 28. fxe6 fxe6 29. Rf7 Rcd8 30. Rxg7 Rhg8 31. Rf7 Rxg4 32.
Rxh7 Rg2 33. h4 Kb7 34. h5 Kc6 35. Rd1 Rh2 36. Rc1+ Kb7 37. h6 Bd4 38. Be7
Nxe7 39. Rxe7 Rxb2+ 40. Ka1 Bxe5 41. Rf7 Rf2+ 42. Kb1 Rxf7
{White forfeits on time}
0-1

[Event "ICCopen2017"]
[Site "Internet Chess Club"]
[Date "2017.03.25"]
[Round "7"]
[White "magnuswizard"]
[Black "kolding"]
[Result "1-0"]
[ICCResult "Black forfeits on time"]
[WhiteElo "1820"]
[BlackElo "1642"]
[Opening "Bogo-Indian defense, Grünfeld variation"]
[ECO "E11"]
[NIC "QI.01"]
[Time "15:15:46"]
[TimeControl "180+0"]

1. d4 Nf6 2. c4 e6 3. Nf3 Bb4+ 4. Nbd2 O-O 5. g3 d5 6. Bg2 dxc4 7. O-O Nc6
8. Nxc4 b6 9. Nfe5 Nxe5 10. dxe5 Nd5 11. a3 Be7 12. e4 b5 13. exd5 bxc4 14.
d6 cxd6 15. Bxa8 d5 16. Bc6 Qb6 17. Ba4 Ba6 18. Re1 h6 19. Rb1 Bc5 20. Be3
d4 21. Bd2 Rd8 22. Qg4 Kh8 23. Qh5 d3 24. Be3 Bxe3 25. Rxe3 c3 26. Qxf7 c2
27. Bxc2 dxc2 28. Rc1 Rd1+ 29. Re1 Qxb2 30. Rcxd1 cxd1=Q 31. Rxd1 Qxe5 32.
Rd8+ Kh7 33. Qg8+ Kg6 34. Qe8+ Kh7 35. Rd1 Bb7 36. Qd7 Bd5 37. Qa4 Qe2 38.
Qd4 Qf3 39. Qd3+ Qxd3 40. Rxd3 a6 41. f4 Kg6 42. Kf2 Kf6 43. Ke3 Kf5 44. h3
Bc4 45. g4+ Kf6 46. Rd4 Bd5 47. Rd2 g6 48. Rc2 g5 49. Rd2
{Black forfeits on time}
1-0

[Event "ICCopen2017"]
[Site "Internet Chess Club"]
[Date "2017.03.25"]
[Round "7"]
[White "joppie"]
[Black "Baerenstarker"]
[Result "0-1"]
[ICCResult "White checkmated"]
[WhiteElo "1613"]
[BlackElo "1870"]
[Opening "Queen's Indian: 4.Nc3, main line"]
[ECO "E13"]
[NIC "NI.26"]
[Time "15:16:09"]
[TimeControl "180+0"]

1. d4 Nf6 2. c4 e6 3. Nc3 Bb4 4. Nf3 b6 5. Bg5 h6 6. Bh4 Bb7 7. e3 d6 8. Be2
Nbd7 9. O-O Bxc3 10. bxc3 O-O 11. a4 a5 12. Rb1 Re8 13. d5 e5 14. Nd2 Nf8
15. Ne4 g5 16. Nxf6+ Qxf6 17. Bg3 Ng6 18. h3 Bc8 19. Bg4 Ba6 20. Be2 Qe7 21.
Qc2 Kg7 22. Bd3 e4 23. Be2 f5 24. Qd2 Kh7 25. Qd4 f4 26. exf4 gxf4 27. Bh2
Qg5 28. Bg4 h5 29. Be6 Nh4 30. Qxe4+ Kh8 31. Bxf4 Qf6 32. Bg3 Ng6 33. Rbe1
Re7 34. Re3 Rae8 35. Rf3 Qg5 36. Re1 Rg7 37. Rfe3 h4 38. Bh2 Bc8 39. Rf3
Bxe6 40. dxe6 Nf8 41. Rf5 Qg6 42. Qxh4+ Kg8 43. Rf3 Rxe6 44. Rg3 Rxe1#
{White checkmated}
0-1

[Event "ICCopen2017"]
[Site "Internet Chess Club"]
[Date "2017.03.25"]
[Round "7"]
[White "mehrdad1978"]
[Black "M-Ezat"]
[Result "0-1"]
[ICCResult "White resigns"]
[WhiteElo "1845"]
[BlackElo "2217"]
[Opening "King's Indian: Sämisch, Panno main line"]
[ECO "E84"]
[NIC "KI.35"]
[Time "15:16:44"]
[TimeControl "180+0"]

1. d4 Nf6 2. c4 g6 3. Nc3 Bg7 4. e4 O-O 5. f3 d6 6. Be3 Nc6 7. Qd2 a6 8.
Nge2 Rb8 9. Ng3 e5 10. d5 Nd4 11. h4 h5 12. Bd3 c5 13. dxc6 bxc6 14. Bg5 Qa5
15. O-O Qb6 16. Be3 Qxb2 17. Qxb2 Rxb2 18. Rab1 Rxb1 19. Rxb1 Nd7 20. Bxd4
exd4 21. Na4 Bf6 22. Ne2 Ne5 23. Nc1 Bxh4 24. Be2 Bg5 25. Rb6 d3 26. Nxd3
Nxd3 27. Bxd3 Be3+ 28. Kf1 Bxb6 29. Nxb6 Be6 30. a4 a5 31. e5 Rb8 32. c5
dxc5 33. Nc4 Bxc4 34. Bxc4 Rb4 {White resigns} 0-1

[Event "ICCopen2017"]
[Site "Internet Chess Club"]
[Date "2017.03.25"]
[Round "7"]
[White "jdimpo1"]
[Black "gladiator46"]
[Result "1-0"]
[ICCResult "Black forfeits on time"]
[WhiteElo "1291"]
[BlackElo "1571"]
[Opening "Caro-Kann defense"]
[ECO "B10"]
[NIC "CK.01"]
[Time "15:16:45"]
[TimeControl "180+0"]

1. e4 c6 2. Nf3 d5 3. exd5 cxd5 4. d4 Nc6 5. Nc3 Nf6 6. Be3 e6 7. Bb5 Be7 8.
O-O h6 9. Ne5 Bd7 10. Nxd7 Qxd7 11. Bf4 a6 12. Ba4 b5 13. Bb3 Na5 14. Be3
Nxb3 15. axb3 O-O 16. Qf3 Bd6 17. Qh3 Rfe8 18. Ne2 e5 19. Qh4 Ng4 20. h3
Nxe3 21. fxe3 e4 22. Ng3 Qc7 23. Nf5 Bf8 24. Qg4 Kh8 25. Qh4 Kh7 26. g4 g5
27. Qh5 Ra7 28. Rf2 Re6 29. Raf1 Rf6 30. h4 Rxf5 31. Rxf5 Qg3+ 32. Kh1 Qxh4+
33. Qxh4 gxh4 34. Rxf7+ Rxf7 35. Rxf7+ Kg8 36. Ra7 {Black forfeits on time}
1-0

[Event "ICCopen2017"]
[Site "Internet Chess Club"]
[Date "2017.03.25"]
[Round "7"]
[White "oli2"]
[Black "cloak1"]
[Result "1-0"]
[ICCResult "Black checkmated"]
[WhiteElo "1674"]
[BlackElo "1828"]
[Opening "Sicilian: dragon, Yugoslav attack, 10.O-O-O"]
[ECO "B78"]
[NIC "SI.18"]
[Time "15:16:06"]
[TimeControl "180+0"]

1. e4 c5 2. Nf3 d6 3. d4 cxd4 4. Nxd4 Nf6 5. Nc3 g6 6. Be3 Bg7 7. f3 O-O 8.
Qd2 Nc6 9. Bc4 Bd7 10. O-O-O Rb8 11. Bb3 Na5 12. g4 Nxb3+ 13. axb3 b5 14.
Kb1 b4 15. Nd5 Nxd5 16. exd5 a5 17. Bh6 a4 18. Bxg7 Kxg7 19. h4 axb3 20.
Nxb3 h6 21. Qd4+ Kg8 22. h5 g5 23. f4 e6 24. dxe6 Bxe6 25. Qxd6 Qxd6 26.
Rxd6 Bxg4 27. fxg5 hxg5 28. Rg1 f5 29. Nd4 Kh7 30. Ne6 Rg8 31. Re1 f4 32.
Nc5 Rbe8 33. Rg1 Bc8 34. Rd5 g4 35. Nd7 Bxd7 36. Rxd7+ Kh6 37. Rd6+ Kxh5 38.
Rd5+ Kh6 39. Rd6+ Kh7 40. Rd7+ Kg6 41. Rxg4+ Kf5 42. Rxg8 Rxg8 43. Rf7+ Kg4
44. Ka2 Rb8 45. Kb3 f3 46. Rg7+ Kf4 47. Rf7+ Kg3 48. Rg7+ Kf2 49. Rf7 Kg2
50. c3 bxc3+ 51. Kxc3 f2 52. Rg7+ Kf1 53. b4 Ke1 54. Re7+ Kf1 55. Kc4 Rc8+
56. Kd5 Rg8 57. Kc6 Kg2 58. Rf7 Rg6+ 59. Kc7 Rg7 60. Rxg7+ Kf3 61. Rf7+ Ke2
62. b5 f1=Q 63. Rxf1 Kxf1 64. b6 Ke2 65. b7 Ke3 66. b8=Q Kd4 67. Qb3 Ke5 68.
Qc4 Kf5 69. Qe2 Kf4 70. Kd6 Kg3 71. Qf1 Kg4 72. Ke5 Kg5 73. Qg2+ Kh4 74. Kf4
Kh5 75. Qg5# {Black checkmated} 1-0

[Event "ICCopen2017"]
[Site "Internet Chess Club"]
[Date "2017.03.25"]
[Round "7"]
[White "carlito78"]
[Black "MysteryRook"]
[Result "0-1"]
[ICCResult "White forfeits on time"]
[WhiteElo "1420"]
[BlackElo "1775"]
[Opening "KP: Nimzovich defense"]
[ECO "B00"]
[NIC "VO.04"]
[Time "15:16:16"]
[TimeControl "180+0"]

1. e4 Nc6 2. d4 e5 3. d5 Nce7 4. c4 Ng6 5. Nc3 Nf6 6. Bd3 Bc5 7. Nge2 Ng4 8.
O-O Qh4 9. h3 Nxf2 10. Rxf2 Bxf2+ 11. Kh1 d6 12. Ng1 Nf4 13. Qf3 g5 14. Bxf4
gxf4 15. Nce2 Rg8 16. Rf1 Be3 17. g3 Qh6 18. gxf4 exf4 19. Nxf4 Rxg1+ 20.
Rxg1 Bxf4 21. Rg8+ Ke7 22. e5 Bxh3 23. e6 Bf1+ 24. Kg1 Bxd3 25. Qxd3 fxe6
26. Kf2 Be5 {White forfeits on time} 0-1

[Event "ICCopen2017"]
[Site "Internet Chess Club"]
[Date "2017.03.25"]
[Round "7"]
[White "beaupre"]
[Black "Wilsonpalencia"]
[Result "0-1"]
[ICCResult "White resigns"]
[WhiteElo "1756"]
[BlackElo "2549"]
[Opening "Sicilian: Grand Prix attack"]
[ECO "B23"]
[NIC "SI.44"]
[Time "15:16:39"]
[TimeControl "180+0"]

1. e4 c5 2. Nc3 Nc6 3. f4 g6 4. Nf3 Bg7 5. Bb5 Nd4 6. O-O Nxb5 7. Nxb5 Nf6
8. d3 O-O 9. Qe1 a6 10. Nc3 d6 11. Qh4 h6 12. f5 g5 13. Bxg5 hxg5 14. Nxg5
e6 15. Rf3 exf5 16. Nd5 Re8 17. Nxf6+ Qxf6 18. Re1 Qh6 19. Qg3 Bd7 20. Qf4
f6 21. Nh3 Qxf4 22. Nxf4 fxe4 23. dxe4 f5 24. Nd5 Rxe4 25. Rxe4 fxe4 26. Rg3
Kf7 27. Re3 Re8 28. Nb6 Bc6 29. Nc4 Bd4 30. Nxd6+ Ke7 31. Nxe8 Bxe3+ 32. Kf1
Bb5+ {White resigns} 0-1

[Event "ICCopen2017"]
[Site "Internet Chess Club"]
[Date "2017.03.25"]
[Round "7"]
[White "FytinFrank"]
[Black "GreyWarden"]
[Result "0-1"]
[ICCResult "White forfeits on time"]
[WhiteElo "1825"]
[BlackElo "1990"]
[Opening "Vienna gambit"]
[ECO "C25"]
[NIC "VG.04"]
[Time "15:16:44"]
[TimeControl "180+0"]

1. e4 e5 2. Nc3 Nc6 3. f4 d6 4. Nf3 Nf6 5. d4 Bg4 6. dxe5 Bxf3 7. Qxf3 dxe5
8. Bb5 Bd6 9. O-O O-O 10. Bxc6 bxc6 11. f5 Nd7 12. g4 Qh4 13. Be3 Bc5 14.
Bxc5 Nxc5 15. Rad1 Rad8 16. Rxd8 Rxd8 17. Rf2 h6 18. Qe3 Nd7 19. Rg2 Nf6 20.
g5 hxg5 21. Rxg5 Nh5 22. Rg2 Nf4 23. Rg3 Rd4 24. h3 f6 25. Kh2 Qh6 26. Ne2
Rd1 27. Nxf4 exf4 28. Qb3+ Kh7 29. Rg6 Rd2+ 30. Kg1 Qh4 31. Qf3 Qe1+ 32. Qf1
Qxf1+ 33. Kxf1 Rxc2 34. Rg4 f3 35. Rf4 f2 36. Rxf2 Rc4 37. Re2 Kh6 38. e5
fxe5 39. Rxe5 Rc2 40. Re2 Rc5 41. Re6+ Kh5 42. f6 Rf5+ 43. Kg2 Rxf6 44. Re7
Rg6+ 45. Kf2 Rf6+ 46. Ke3 g5 47. Rxc7 a6 {White forfeits on time} 0-1

[Event "ICCopen2017"]
[Site "Internet Chess Club"]
[Date "2017.03.25"]
[Round "7"]
[White "searchforbobby1"]
[Black "Aladdin"]
[Result "1-0"]
[ICCResult "Black resigns"]
[WhiteElo "1923"]
[BlackElo "2295"]
[Opening "Center game: Berger variation"]
[ECO "C22"]
[NIC "KP.04"]
[Time "15:17:14"]
[TimeControl "180+0"]

1. e4 e5 2. d4 exd4 3. Qxd4 Nc6 4. Qe3 Nf6 5. Nc3 Be7 6. Bc4 O-O 7. Bd2 Ne5
8. Be2 Re8 9. O-O-O d6 10. f4 Nc6 11. h3 d5 12. e5 d4 13. Qf3 dxc3 14. Bxc3
Nd7 15. g4 Bb4 16. Bc4 Bxc3 17. Qxc3 Qe7 18. a3 Nb6 19. Bd3 Be6 20. Nf3 Bd5
21. Rhf1 Bxf3 22. Rxf3 Rad8 23. Kb1 Rd7 24. Qe1 Red8 25. Qe4 g6 26. h4 Rd4
27. Qe1 Nd5 28. Qf2 Nxf4 29. Rxf4 Rxf4 30. Qxf4 Nxe5 31. Qe4 Nc6 32. Qf4 Qe5
33. Qf3 Kg7 34. h5 Rd7 35. Rf1 Re7 36. Bc4 Qc5 37. Qf6+ Kh6 38. hxg6
{Black resigns}
1-0

[Event "ICCopen2017"]
[Site "Internet Chess Club"]
[Date "2017.03.25"]
[Round "7"]
[White "marjose"]
[Black "ramezsamir"]
[Result "0-1"]
[ICCResult "White forfeits on time"]
[WhiteElo "1765"]
[BlackElo "1955"]
[Opening "Sicilian defense"]
[ECO "B40"]
[NIC "SI.43"]
[Time "15:15:57"]
[TimeControl "180+0"]

1. e4 c5 2. Nf3 e6 3. c4 Nc6 4. Nc3 Nf6 5. Be2 d6 6. d4 cxd4 7. Nxd4 Be7 8.
Be3 O-O 9. O-O d5 10. cxd5 exd5 11. exd5 Nxd5 12. Nxd5 Qxd5 13. Nxc6 Qxc6
14. Bf3 Qg6 15. Qb3 Bg5 16. Bxg5 Qxg5 17. a4 Rb8 18. a5 Be6 19. Qb4 b6 20.
a6 Rbc8 21. Rad1 Rfd8 22. Qe4 Qe7 23. Rfe1 Rxd1 24. Rxd1 g6 25. Qb7 Rc7 26.
Qa8+ Kg7 27. Qe4 Qf6 28. b4 Bb3 29. Re1 Bc4 30. Qe5 Qxe5 31. Rxe5 Bxa6 32.
h3 Bb7 33. Be2 Bc8 34. b5 Be6 35. Re3 Kf6 36. Bf3 Rc5 37. Bc6 a5 38. Rf3+
Ke7 39. Re3 a4 40. Ra3 Bb3 41. g3 Kd6 42. Kg2 Rxc6 43. bxc6 Kxc6 44. Kf3 b5
45. Ke3 b4 46. Ra1 a3 47. Kd3 Kb5 48. Rb1 Be6 {White forfeits on time} 0-1

[Event "ICCopen2017"]
[Site "Internet Chess Club"]
[Date "2017.03.25"]
[Round "7"]
[White "ehkopean"]
[Black "concrete"]
[Result "0-1"]
[ICCResult "White forfeits on time"]
[WhiteElo "1771"]
[BlackElo "2086"]
[Opening "Caro-Kann: anti-anti-Caro-Kann defense"]
[ECO "A11"]
[NIC "EO.64"]
[Time "15:16:01"]
[TimeControl "180+0"]

1. c4 c6 2. e4 d5 3. cxd5 cxd5 4. exd5 Nf6 5. Nc3 Nxd5 6. d4 Nxc3 7. bxc3 g6
8. Bb5+ Bd7 9. Qa4 Bg7 10. Nf3 O-O 11. Ba3 Re8 12. O-O Bxb5 13. Qxb5 Qd7 14.
Rab1 Qxb5 15. Rxb5 b6 16. Re1 e6 17. Ne5 Bxe5 18. Rbxe5 Nc6 19. R5e3 Na5 20.
Rf3 Nc4 21. Bc1 Red8 22. h4 Rd5 23. Bg5 Rc8 24. Bf6 h6 25. g4 Nd6 26. Kg2
Nb5 27. Ree3 Rc4 28. g5 h5 29. Be7 Nc7 30. Rf6 Rf5 31. Rxf5 gxf5 32. f4 Kh7
33. Bf6 Nd5 34. Rg3 Kg6 35. Be5 Rxc3 36. Rxc3 Nxc3 37. a3 Nd5 38. Kf3 b5 39.
Ke2 a6 40. Kd3 Kh7 41. Kc2 Kg8 42. Kb3 Kf8 43. a4 Ke8 44. axb5 axb5 45. Bd6
Kd7 46. Be5 Kc6 47. Ka3 Kb6 48. Kb3 Ka5 49. Bg7 b4 50. Be5 Kb5 51. Bd6 Kc6
52. Be5 Kb5 53. Bd6 Kc6 54. Be5 Nb6 55. Kxb4 Kd5 56. Kb5 Nc4 57. Kb4 Ne3 58.
Kb5 Ke4 59. Kc5 Nd5 60. Kd6 Nxf4 61. Ke7 Ng2 62. Kxf7 Nxh4 63. Kxe6 f4 64.
d5 f3 65. Bg3 Nf5 66. Bf2 h4 67. d6 Nxd6 68. Kxd6 h3 69. Bg3 h2 70. Bxh2 f2
71. Bg3 f1=Q {White forfeits on time} 0-1

[Event "ICCopen2017"]
[Site "Internet Chess Club"]
[Date "2017.03.25"]
[Round "7"]
[White "Papasha"]
[Black "nadalthegreat"]
[Result "1-0"]
[ICCResult "Black resigns"]
[WhiteElo "2492"]
[BlackElo "2007"]
[Opening "Ruy Lopez: exchange variation, 5.O-O"]
[ECO "C68"]
[NIC "RL.08"]
[Time "15:17:27"]
[TimeControl "180+0"]

1. e4 e5 2. Nf3 Nc6 3. Bb5 a6 4. Bxc6 dxc6 5. O-O Bg4 6. h3 Bxf3 7. Qxf3 Nf6
8. d3 h6 9. Nd2 Bc5 10. Nc4 Qe7 11. Qg3 Bd6 12. Qxg7 O-O-O 13. Qg3 Rdg8 14.
Qf3 Rg6 15. Qf5+ Kb8 16. Nxd6 cxd6 17. f4 Rhg8 18. Rf2 Nd7 19. Be3 Rf6 20.
Qh5 Rfg6 21. Raf1 Nf6 22. Qf5 Nd7 23. b3 Kc7 24. fxe5 dxe5 25. Kh1 Qh4 26.
Bd2 Rg3 27. Be1 Re3 28. Re2 Qg5 29. Qxg5 {Black resigns} 1-0

[Event "ICCopen2017"]
[Site "Internet Chess Club"]
[Date "2017.03.25"]
[Round "7"]
[White "Aravind"]
[Black "Lovelife"]
[Result "0-1"]
[ICCResult "White resigns"]
[WhiteElo "2180"]
[BlackElo "1925"]
[Opening "Queen's bishop game"]
[ECO "D02"]
[NIC "QP.08"]
[Time "15:17:58"]
[TimeControl "180+0"]

1. d4 d5 2. Nf3 Nf6 3. Bf4 e6 4. e3 Bd6 5. Bg3 O-O 6. Nbd2 c5 7. c3 Nc6 8.
Ne5 Qc7 9. f4 b6 10. Bd3 Bb7 11. Bh4 Be7 12. Ndf3 Ne4 13. Bxe4 dxe4 14. Bxe7
exf3 15. Bxf8 fxg2 16. Rg1 Rxf8 17. Qg4 f5 18. Qg3 Nxe5 19. fxe5 cxd4 20.
cxd4 Qc2 21. Qf2 Qd3 22. Qd2 Qe4 23. Rc1 f4 24. Rc3 f3 25. Qf2 Qb1+
{White resigns}
0-1

[Event "ICCopen2017"]
[Site "Internet Chess Club"]
[Date "2017.03.25"]
[Round "7"]
[White "geom"]
[Black "mongmong"]
[Result "0-1"]
[ICCResult "White forfeits on time"]
[WhiteElo "1577"]
[BlackElo "1399"]
[Opening "French: advance, Milner-Barry gambit"]
[ECO "C02"]
[NIC "FR.03"]
[Time "15:17:15"]
[TimeControl "180+0"]

1. e4 e6 2. d4 d5 3. e5 c5 4. c3 Nc6 5. Nf3 Qb6 6. Bd3 cxd4 7. cxd4 Bd7 8.
O-O Nxd4 9. Ng5 Bb5 10. Bxb5+ Nxb5 11. a4 Nc7 12. a5 Qc6 13. Nc3 a6 14. Be3
h6 15. Qh5 Qd7 16. Bb6 g6 17. Qh3 O-O-O 18. Rfc1 Kb8 19. Na4 Rc8 20. Nc5
Bxc5 21. Bxc5 h5 22. Bd6 Ka8 23. Rc3 Nh6 24. Rac1 Nb5 25. Rxc8+ Rxc8 26.
Rxc8+ Qxc8 27. g3 Nxd6 28. exd6 Qd7 29. Qf1 f6 30. Nf3 Qxd6 31. Nd4 e5 32.
Nb3 Nf5 33. Qd3 e4 34. Qc3 Qd7 35. Nc5 Qc7 36. Qb4 Nd6 37. Ne6 Qc6 38. Nd8
Qd7 {White forfeits on time} 0-1

[Event "ICCopen2017"]
[Site "Internet Chess Club"]
[Date "2017.03.25"]
[Round "7"]
[White "Cantalarrana"]
[Black "iamGodskid"]
[Result "0-1"]
[ICCResult "White forfeits on time"]
[WhiteElo "1476"]
[BlackElo "1333"]
[Opening "King's pawn opening"]
[ECO "B07"]
[NIC "VO.17"]
[Time "15:16:05"]
[TimeControl "180+0"]

1. e4 d6 2. Ne2 g6 3. d4 Bg7 4. Be3 Nf6 5. Nbc3 O-O 6. g3 Bg4 7. Bg2 Bxe2 8.
Qxe2 Nc6 9. O-O e5 10. d5 Nd4 11. Bxd4 exd4 12. Nb5 d3 13. cxd3 Nd7 14. Nc3
Ne5 15. d4 Nd7 16. Rad1 b6 17. e5 dxe5 18. dxe5 Nxe5 19. d6 Rc8 20. Nb5 cxd6
21. Nxa7 Rc5 22. Nb5 Qd7 23. Nxd6 Qe6 24. Ne4 Ra5 25. b3 Qf5 26. Nd6 Qe6 27.
Ne4 Ra7 28. Rd6 Qf5 29. Rxb6 Re7 30. Qa6 Nd7 31. Rb7 Rxe4 32. Bxe4 Qxe4 33.
Rxd7 Qc2 34. Qd3 Qxa2 35. Rd1 Qb2 36. Rd2 Qc1+ 37. Kg2 Bc3 38. Rd1 Qb2 39.
Qd5 Bg7 40. Rd3 Qc1 41. Rf3 Qb1 42. Rdxf7 Rxf7 43. Rxf7 Qa2 44. Ra7+ Kf8 45.
Rxa2 Ke7 46. Re2+ Kf6 47. Qd7 Kg5 {White forfeits on time} 0-1

[Event "ICCopen2017"]
[Site "Internet Chess Club"]
[Date "2017.03.25"]
[Round "7"]
[White "Theunrock"]
[Black "Colombiano07"]
[Result "0-1"]
[ICCResult "White forfeits on time"]
[WhiteElo "1680"]
[BlackElo "1968"]
[Opening "Dunst (Sleipner, Heinrichsen) opening"]
[ECO "A00"]
[NIC "VO.15"]
[Time "15:16:27"]
[TimeControl "180+0"]

1. Nc3 d5 2. d3 Bf5 3. f4 Nf6 4. Nf3 e6 5. g3 h6 6. Bg2 Be7 7. O-O O-O 8.
Kh1 c5 9. Ne5 Nc6 10. Nxc6 bxc6 11. e4 Bh7 12. f5 c4 13. e5 Nd7 14. f6 gxf6
15. Bxh6 fxe5 16. Qg4+ Bg6 17. h4 Nf6 18. Qe2 cxd3 19. cxd3 Re8 20. Qxe5 Kh7
21. Bg5 Ng4 22. Qf4 Bxg5 23. hxg5 Bf5 24. Bf3 d4 25. Ne4 Ne3 26. Nf6+ Kg6
27. Bh5+ Kg7 28. g4 Rh8 29. Kg1 Nxf1 30. Rxf1 Bg6 31. Bxg6 Kxg6 32. Nh5 Qe7
33. Qe4+ Kxg5 34. Rf6 Qxf6 35. Nxf6 Kxf6 36. Qf4+ Ke7 37. g5 Rac8 38. Qf6+
Kd6 39. Qxd4+ Kc7 40. Qe5+ Kb7 41. Kg2 Rcd8 42. Kf2 Rxd3 43. Qxh8 Rd2+ 44.
Ke3 Re2+ {White forfeits on time} 0-1

[Event "ICCopen2017"]
[Site "Internet Chess Club"]
[Date "2017.03.25"]
[Round "7"]
[White "toll"]
[Black "EGK"]
[Result "0-1"]
[ICCResult "White forfeits on time"]
[WhiteElo "1665"]
[BlackElo "1915"]
[Opening "Polish (Sokolsky) opening"]
[ECO "A00"]
[NIC "VO.10"]
[Time "15:15:56"]
[TimeControl "180+0"]

1. b4 Nf6 2. Bb2 g6 3. c4 Bg7 4. e3 O-O 5. Nf3 d5 6. c5 b6 7. d4 Nbd7 8. Qb3
c6 9. a4 Ne4 10. Nbd2 Re8 11. Nxe4 dxe4 12. Nd2 e5 13. Bc4 Qe7 14. O-O exd4
15. exd4 Nf6 16. Rfe1 Bf5 17. Nf1 g5 18. Ne3 Bg6 19. d5 bxc5 20. d6 Qxd6 21.
Rad1 Qf4 22. bxc5 Rab8 23. Qa2 Ng4 24. Nxg4 Rxb2 25. Qa3 Qxg4 26. Bf1 Qf5
27. Qg3 Be5 28. Qe3 Bf4 29. Qc3 Reb8 30. g3 Be5 31. Qc4 R2b4 32. Qe2 Qf3 33.
Qxf3 exf3 34. Rxe5 Kg7 35. Re7 Rb1 36. Ree1 Rxd1 37. Rxd1 Rb4 38. h3 Rb1 39.
Rxb1 Bxb1 40. Kh2 Bc2 41. h4 Bxa4 42. hxg5 Kg6 43. g4 Kxg5 44. Kg3 Kf6 45.
Kxf3 Ke5 46. Ke3 Kd5 47. f4 Kxc5 48. g5 Kd6 49. Bd3 Ke7 50. Be4 Kf8 51. Bd3
Kg7 52. Be4 c5 53. Bf5 c4 54. Be6 c3 55. f5 Bc6 56. f6+ Kg6
{White forfeits on time}
0-1